| TOP OF THE 1ST |
|
Houston Astros batting - Pitching for Baltimore Orioles : LHP Randy Johnson Jr.
|
|
Pitching: LHP Randy Johnson Jr.
|
|
|
Batting: RHB Jeremy Trump
|
0-0: Called Strike 0-1: Ball 1-1: Ball 2-1: Called Strike 2-2: Strikes out swinging
|
|
Batting: RHB Chang-wei Jiang
|
0-0: Swinging Strike 0-1: Foul Ball, location: 2F 0-2: Ball 1-2: Strikes out swinging
|
|
Batting: SHB Addick de Vries
|
0-0: Called Strike 0-1: Called Strike 0-2: Ball 1-2: Ground out U3 (Groundball, 3L, EV 104.4 MPH)
|
| Top of the 1st over - 0 runs, 0 hits, 0 errors, 0 left on base; Houston 0 - Baltimore 0 |
| BOTTOM OF THE 1ST |
|
Baltimore Orioles batting - Pitching for Houston Astros : RHP Kevin Ovens-Toots
|
|
Pitching: RHP Kevin Ovens-Toots
|
|
|
Batting: LHB Bob Melley
|
0-0: Called Strike 0-1: SOLO HOME RUN (Flyball, 9D, EV 98.1 MPH), Distance : 377 ft
|
|
Batting: RHB Alex Rodriguez Jr.
|
0-0: Ground out 6-3 (Groundball, 6, EV 83.1 MPH)
|
|
Batting: LHB Brad Pepin
|
0-0: Swinging Strike 0-1: Called Strike 0-2: Ball 1-2: SINGLE (Groundball, 4MS, EV 73.1 MPH) (infield hit)
|
|
Batting: SHB Jason Hayes
|
0-0: Called Strike 0-1: SINGLE (Groundball, 56, EV 108.8 MPH) Brad Pepin to second
|
|
Batting: RHB Kevin Howard
|
0-0: Ball 1-0: Ball 2-0: Swinging Strike 2-1: SINGLE (Flyball, 3D, EV 91.9 MPH) Brad Pepin to third Jason Hayes to second
|
|
Batting: LHB Gabe Pace
|
0-0: Called Strike 0-1: Foul Ball, location: 2F 0-2: Ball 1-2: Strikes out looking
|
|
Batting: RHB Ruben Garza
|
0-0: Called Strike 0-1: Ball 1-1: Foul Ball, location: 2F 1-2: Ball 2-2: Ball 3-2: Foul Ball, location: 2F 3-2: Base on Balls Brad Pepin scores Jason Hayes to third Kevin Howard to second
|
|
Batting: RHB Josh Hamilton
|
0-0: Called Strike 0-1: Fly out, F6 (Popup, P, EV 78.1 MPH)
|
| Bottom of the 1st over - 2 runs, 4 hits, 0 errors, 3 left on base; Houston 0 - Baltimore 2 |
| TOP OF THE 2ND |
|
Houston Astros batting - Pitching for Baltimore Orioles : LHP Randy Johnson Jr.
|
|
Batting: RHB Danny Dyer
|
0-0: Ground out U3 (Groundball, 34, EV 83.8 MPH)
|
|
Batting: RHB Josh Froyd
|
0-0: Called Strike 0-1: Single, Error in OF, E8, batter to second base (Line Drive, 8RS, EV 110.0 MPH)
|
|
Batting: SHB Joe Gardner
|
0-0: Foul Ball, location: 2F 0-1: Foul Ball, location: 2F 0-2: Strikes out swinging
|
|
Batting: RHB Trevor Mock
|
0-0: Called Strike 0-1: Foul Ball, location: 2F 0-2: Ball 1-2: Ball 2-2: Fly out, F7 (Line Drive, 7, EV 90.6 MPH)
|
| Top of the 2nd over - 0 runs, 1 hit, 1 error, 1 left on base; Houston 0 - Baltimore 2 |
| BOTTOM OF THE 2ND |
|
Baltimore Orioles batting - Pitching for Houston Astros : RHP Kevin Ovens-Toots
|
|
Batting: RHB Andres Leon
|
0-0: Fly out, F8 (Line Drive, 8LM, EV 106.9 MPH)
|
|
Batting: LHB Bob Melley
|
0-0: Called Strike 0-1: Ball 1-1: Ground out 6-3 (Groundball, 56, EV 108.1 MPH)
|
|
Batting: RHB Alex Rodriguez Jr.
|
0-0: Ball 1-0: Foul Ball, location: 2F 1-1: Ball 2-1: Ball 3-1: Called Strike 3-2: Base on Balls
|
|
Batting: LHB Brad Pepin
|
0-0: Called Strike Alex Rodriguez Jr. steals 2nd base (no throw) 0-1: Ball 1-1: Swinging Strike 1-2: Ball 2-2: Ball 3-2: Ground out 4-3 (Groundball, 4, EV 89.4 MPH)
|
| Bottom of the 2nd over - 0 runs, 0 hits, 0 errors, 1 left on base; Houston 0 - Baltimore 2 |
| TOP OF THE 3RD |
|
Houston Astros batting - Pitching for Baltimore Orioles : LHP Randy Johnson Jr.
|
|
Batting: LHB Ian Jarvis
|
0-0: Ball 1-0: Foul Ball, location: 2F 1-1: Foul Ball, location: 2F 1-2: Foul Ball, location: 2F 1-2: Ball 2-2: Ball 3-2: SOLO HOME RUN (Flyball, 8LXD, EV 106.3 MPH), Distance : 413 ft
|
|
Batting: LHB Bryce Hill
|
0-0: Swinging Strike 0-1: Called Strike 0-2: Ground out 3-1 (Groundball, 34S, EV 85.6 MPH)
|
|
Batting: RHB Jeremy Trump
|
0-0: Called Strike 0-1: Foul Ball, location: 2F 0-2: Foul Ball, location: 2F 0-2: Ball 1-2: Ball 2-2: Ground out 6-3 (Groundball, 56, EV 89.4 MPH)
|
|
Batting: RHB Chang-wei Jiang
|
0-0: Called Strike 0-1: Ball 1-1: Ball 2-1: Swinging Strike 2-2: Foul Ball, location: 2F 2-2: Foul Ball, location: 2F 2-2: SINGLE (Groundball, 13S, EV 68.8 MPH) (infield hit)
|
|
Batting: SHB Addick de Vries
|
0-0: Ball 1-0: Ball 2-0: Foul Ball, location: 2F 2-1: Foul Ball, location: 2F 2-2: SINGLE (Flyball, 78S, EV 93.8 MPH) Chang-wei Jiang to second
|
|
Batting: RHB Danny Dyer
|
0-0: Ball 1-0: Ball 2-0: Ball 3-0: Base on Balls Chang-wei Jiang to third Addick de Vries to second
|
|
Batting: RHB Josh Froyd
|
0-0: Foul Ball, location: 2F 0-1: Ball 1-1: DOUBLE (Line Drive, 7LS, EV 98.1 MPH) Chang-wei Jiang scores Addick de Vries scores Danny Dyer to third
|
|
Batting: SHB Joe Gardner
|
0-0: Ball 1-0: Ball 2-0: SINGLE (Groundball, 6S, EV 66.3 MPH) (infield hit) Danny Dyer scores Josh Froyd to third
|
|
Batting: RHB Trevor Mock
|
0-0: Ball 1-0: Ball 2-0: Ground out 6-3 (Groundball, 6S, EV 68.1 MPH)
|
| Top of the 3rd over - 4 runs, 5 hits, 0 errors, 2 left on base; Houston 4 - Baltimore 2 |
| BOTTOM OF THE 3RD |
|
Baltimore Orioles batting - Pitching for Houston Astros : RHP Kevin Ovens-Toots
|
|
Batting: SHB Jason Hayes
|
0-0: Ground out 4-3 (Groundball, 4S, EV 80.0 MPH)
|
|
Batting: RHB Kevin Howard
|
0-0: Foul Ball, location: 2F 0-1: Foul Ball, location: 2F 0-2: Foul Ball, location: 2F 0-2: Ball 1-2: Ground out U3 (Groundball, 34S, EV 67.5 MPH)
|
|
Batting: LHB Gabe Pace
|
0-0: Called Strike 0-1: Ground out 4-3 (Groundball, 4, EV 86.3 MPH)
|
| Bottom of the 3rd over - 0 runs, 0 hits, 0 errors, 0 left on base; Houston 4 - Baltimore 2 |
| TOP OF THE 4TH |
|
Houston Astros batting - Pitching for Baltimore Orioles : LHP Randy Johnson Jr.
|
|
Batting: LHB Ian Jarvis
|
0-0: Swinging Strike 0-1: Ball 1-1: Ball 2-1: Ball 3-1: Fly out, F9 (Flyball, 9LS, EV 88.8 MPH)
|
|
Batting: LHB Bryce Hill
|
0-0: Ball 1-0: Called Strike 1-1: Swinging Strike 1-2: Strikes out swinging
|
|
Batting: RHB Jeremy Trump
|
0-0: Called Strike 0-1: SINGLE (Groundball, 6MD, EV 96.3 MPH)
|
|
Batting: RHB Chang-wei Jiang
|
0-0: Ball 1-0: Ball 2-0: Foul Ball, location: 2F 2-1: Ball Wild Pitch! Jeremy Trump to second 3-1: Called Strike 3-2: Fly out, F8 (Flyball, 8RXD, EV 85.0 MPH)
|
| Top of the 4th over - 0 runs, 1 hit, 0 errors, 1 left on base; Houston 4 - Baltimore 2 |
| BOTTOM OF THE 4TH |
|
Baltimore Orioles batting - Pitching for Houston Astros : RHP Kevin Ovens-Toots
|
|
Batting: RHB Ruben Garza
|
0-0: Ground out U3 (Groundball, 13, EV 86.3 MPH)
|
|
Batting: RHB Josh Hamilton
|
0-0: Foul Ball, location: 2F 0-1: Swinging Strike 0-2: Ball 1-2: Ball 2-2: Hit by Pitch
|
|
Batting: RHB Andres Leon
|
0-0: Ball 1-0: Grounds into double play, 6-4-3 (Groundball, 6, EV 85.6 MPH)
|
| Bottom of the 4th over - 0 runs, 0 hits, 0 errors, 0 left on base; Houston 4 - Baltimore 2 |
| TOP OF THE 5TH |
|
Houston Astros batting - Pitching for Baltimore Orioles : LHP Randy Johnson Jr.
|
|
Batting: SHB Addick de Vries
|
0-0: Ball 1-0: Ball 2-0: Called Strike 2-1: Ball 3-1: Ground out 4-3 (Groundball, 4, EV 89.4 MPH)
|
|
Batting: RHB Danny Dyer
|
0-0: Called Strike 0-1: Foul Ball, location: 2F 0-2: Foul Ball, location: 2F 0-2: Strikes out looking
|
|
Batting: RHB Josh Froyd
|
0-0: Called Strike 0-1: Swinging Strike 0-2: SOLO HOME RUN (Line Drive, 7D, EV 103.1 MPH), Distance : 382 ft
|
|
Pitching: LHP Bubba Fields
|
|
|
Batting: SHB Joe Gardner
|
0-0: Ball 1-0: Ball 2-0: Called Strike 2-1: Ground out 1-3 (Groundball, 15S, EV 63.8 MPH)
|
| Top of the 5th over - 1 run, 1 hit, 0 errors, 0 left on base; Houston 5 - Baltimore 2 |
| BOTTOM OF THE 5TH |
|
Baltimore Orioles batting - Pitching for Houston Astros : RHP Kevin Ovens-Toots
|
|
Batting: LHB Bob Melley
|
0-0: Swinging Strike 0-1: Called Strike 0-2: SINGLE (Groundball, 25, EV 70.0 MPH) (infield hit)
|
|
Batting: RHB Alex Rodriguez Jr.
|
0-0: Fly out, F4 (Popup, 3, EV 61.9 MPH)
|
|
Batting: LHB Brad Pepin
|
0-0: Called Strike 0-1: Ball 1-1: Ball Bob Melley is caught stealing 2nd base 2-6 2-1: Called Strike 2-2: SINGLE (Line Drive, 4MD, EV 98.8 MPH)
|
|
Batting: SHB Jason Hayes
|
Pickoff Throw to First - Error! E1 Brad Pepin to second 0-0: Ball 1-0: Ball 2-0: Ball 3-0: Base on Balls
|
|
Batting: RHB Kevin Howard
|
0-0: Called Strike 0-1: Ball 1-1: Swinging Strike 1-2: Foul Ball, location: 2F 1-2: Strikes out swinging
|
| Bottom of the 5th over - 0 runs, 2 hits, 1 error, 2 left on base; Houston 5 - Baltimore 2 |
| TOP OF THE 6TH |
|
Houston Astros batting - Pitching for Baltimore Orioles : LHP Bubba Fields
|
|
Batting: RHB Trevor Mock
|
0-0: Called Strike 0-1: Ball 1-1: Ball 2-1: Ball 3-1: Base on Balls
|
|
Batting: LHB Ian Jarvis
|
0-0: Ball 1-0: Ball 2-0: Ball 3-0: Base on Balls Trevor Mock to second
|
|
Batting: LHB Bryce Hill
|
0-0: Swinging Strike 0-1: Ball 1-1: Foul Ball, location: 2F 1-2: Ball 2-2: Ball 3-2: Foul Ball, location: 2F 3-2: Foul Ball, location: 2F 3-2: Strikes out swinging
|
|
Batting: RHB Jeremy Trump
|
0-0: Ball 1-0: Ball 2-0: Called Strike 2-1: Foul Ball, location: 2F 2-2: Ball 3-2: Foul Ball, location: 2F 3-2: Foul Ball, location: 2F 3-2: Foul Ball, location: 2F 3-2: Fly out, F9 (Flyball, 9, EV 85.0 MPH)
|
|
Batting: RHB Chang-wei Jiang
|
0-0: Ball 1-0: Ball 2-0: Called Strike 2-1: Ball 3-1: Base on Balls Trevor Mock to third Ian Jarvis to second
|
|
Pitching: RHP Mike Hurst
|
|
|
Batting: SHB Addick de Vries
|
0-0: Ground out 4-3 (Groundball, 4, EV 82.5 MPH)
|
| Top of the 6th over - 0 runs, 0 hits, 0 errors, 3 left on base; Houston 5 - Baltimore 2 |
| BOTTOM OF THE 6TH |
|
Baltimore Orioles batting - Pitching for Houston Astros : RHP Kevin Ovens-Toots
|
|
Batting: LHB Gabe Pace
|
0-0: Ball 1-0: Ball 2-0: Fly out, F4 (Line Drive, 4, EV 66.3 MPH)
|
|
Batting: RHB Ruben Garza
|
0-0: Foul Ball, location: 2F 0-1: Called Strike 0-2: Strikes out swinging
|
|
Batting: RHB Josh Hamilton
|
0-0: Fly out, F8 (Flyball, 89M, EV 93.1 MPH)
|
| Bottom of the 6th over - 0 runs, 0 hits, 0 errors, 0 left on base; Houston 5 - Baltimore 2 |
| TOP OF THE 7TH |
|
Houston Astros batting - Pitching for Baltimore Orioles : RHP Mike Hurst
|
|
Batting: RHB Danny Dyer
|
0-0: Ball 1-0: Ball 2-0: Called Strike 2-1: Swinging Strike 2-2: Foul Ball, location: 2F 2-2: Ball 3-2: DOUBLE (Line Drive, 9LS, EV 98.1 MPH)
|
|
Batting: RHB Josh Froyd
|
0-0: Ball 1-0: Ground out 6-3 (Groundball, 6, EV 80.6 MPH)
|
|
Batting: SHB Joe Gardner
|
0-0: Intentional Walk
|
|
Batting: RHB Trevor Mock
|
0-0: Ball 1-0: Fly out, F7 (Line Drive, 7, EV 95.0 MPH)
|
|
Batting: LHB Ian Jarvis
|
0-0: Ball 1-0: Ball 2-0: Ball 3-0: Base on Balls Danny Dyer to third Joe Gardner to second
|
|
Batting: LHB Bryce Hill
|
0-0: Ball 1-0: Called Strike 1-1: Ground out 4-3 (Groundball, 4, EV 88.8 MPH)
|
| Top of the 7th over - 0 runs, 1 hit, 0 errors, 3 left on base; Houston 5 - Baltimore 2 |
| BOTTOM OF THE 7TH |
|
Baltimore Orioles batting - Pitching for Houston Astros : RHP Kevin Ovens-Toots
|
|
Batting: RHB Andres Leon
|
0-0: Swinging Strike 0-1: Ball 1-1: Ball 2-1: Swinging Strike 2-2: Strikes out swinging
|
|
Batting: LHB Bob Melley
|
0-0: Called Strike 0-1: Ball 1-1: DOUBLE (Groundball, 3L, EV 96.9 MPH)
|
|
Batting: RHB Alex Rodriguez Jr.
|
0-0: Called Strike 0-1: Ball 1-1: Ball 2-1: Ball 3-1: Base on Balls
|
|
Batting: LHB Brad Pepin
|
0-0: Ball 1-0: Called Strike 1-1: DOUBLE (Flyball, 78XD, EV 99.4 MPH) Bob Melley scores Alex Rodriguez Jr. to third Runner from 3rd tries for Home, throw by LF and OUT! 7-2
|
|
Batting: SHB Jason Hayes
|
0-0: Swinging Strike 0-1: Foul Ball, location: 2F 0-2: Ball 1-2: Foul Ball, location: 2F 1-2: Foul Ball, location: 2F 1-2: Foul Ball, location: 2F 1-2: Ball 2-2: Ground out U3 (Groundball, 34, EV 90.6 MPH)
|
| Bottom of the 7th over - 1 run, 2 hits, 0 errors, 1 left on base; Houston 5 - Baltimore 3 |
| TOP OF THE 8TH |
|
Houston Astros batting - Pitching for Baltimore Orioles : RHP Mike Hurst
|
|
Pitching: RHP Chris Dauphin
|
|
|
Batting: RHB Jeremy Trump
|
0-0: Swinging Strike 0-1: Ball 1-1: Ball 2-1: Ball 3-1: Foul Ball, location: 2F 3-2: Fly out, F8 (Flyball, 8LS, EV 83.8 MPH)
|
|
Batting: RHB Chang-wei Jiang
|
0-0: Ball 1-0: Called Strike 1-1: Foul Ball, location: 2F 1-2: Foul Ball, location: 2F 1-2: Strikes out swinging
|
|
Batting: SHB Addick de Vries
|
0-0: Ball 1-0: Foul Ball, location: 2F 1-1: Swinging Strike 1-2: Ball 2-2: Ball 3-2: Strikes out swinging
|
| Top of the 8th over - 0 runs, 0 hits, 0 errors, 0 left on base; Houston 5 - Baltimore 3 |
| BOTTOM OF THE 8TH |
|
Baltimore Orioles batting - Pitching for Houston Astros : RHP Kevin Ovens-Toots
|
|
Batting: RHB Kevin Howard
|
0-0: Foul Ball, location: 2F 0-1: Ball 1-1: Hit by Pitch
|
|
Pitching: RHP Bill Dillard
|
|
|
Batting: LHB Gabe Pace
|
0-0: Foul Ball, location: 2F 0-1: Sac Bunt to 2L - play at first, batter OUT! 2-3 Kevin Howard to second
|
|
Batting: RHB Ruben Garza
|
0-0: Called Strike 0-1: Called Strike 0-2: Ball 1-2: Ball 2-2: Foul Ball, location: 2F 2-2: Ground out 5-3 (Groundball, 56, EV 82.5 MPH)
|
|
Batting: RHB Josh Hamilton
|
0-0: SINGLE (Line Drive, 6D, EV 106.9 MPH) Kevin Howard to third Runner from 3rd tries for Home, SAFE, throw by CF to home
|
|
Pinch Hitting: LHB Stu Sornson
|
0-0: Ball 1-0: Fielders Choice at 2nd, 6-4 (Groundball, 6, EV 103.1 MPH)
|
| Bottom of the 8th over - 1 run, 1 hit, 0 errors, 1 left on base; Houston 5 - Baltimore 4 |
| TOP OF THE 9TH |
|
Houston Astros batting - Pitching for Baltimore Orioles : RHP Chris Dauphin
|
|
Pitching: RHP Errol Dondale
|
|
|
Now at 1B: Stu Sornson
|
|
|
Batting: RHB Danny Dyer
|
0-0: Called Strike 0-1: Swinging Strike 0-2: Strikes out swinging
|
|
Batting: RHB Josh Froyd
|
0-0: Called Strike 0-1: Ball 1-1: Fly out, F7 (Flyball, 78S, EV 87.5 MPH)
|
|
Batting: SHB Joe Gardner
|
0-0: Called Strike 0-1: Called Strike 0-2: Ball 1-2: Strikes out looking
|
| Top of the 9th over - 0 runs, 0 hits, 0 errors, 0 left on base; Houston 5 - Baltimore 4 |
| BOTTOM OF THE 9TH |
|
Baltimore Orioles batting - Pitching for Houston Astros : RHP Bill Dillard
|
|
Pitching: LHP Brian Thomas
|
|
|
Batting: LHB Bob Melley
|
0-0: Called Strike 0-1: Foul Ball, location: 2F 0-2: SINGLE (Groundball, 34D, EV 98.8 MPH)
|
|
Batting: RHB Alex Rodriguez Jr.
|
0-0: Ball 1-0: Ball 2-0: Fly out, F8 (Flyball, 89M, EV 86.9 MPH)
|
|
Batting: LHB Brad Pepin
|
0-0: Called Strike 0-1: Called Strike 0-2: Ball 1-2: Foul Ball, location: 2F 1-2: Foul Ball, location: 2F 1-2: Foul Ball, location: 2F 1-2: Strikes out swinging
|
|
Batting: SHB Jason Hayes
|
0-0: Foul Ball, location: 2F 0-1: SINGLE (Groundball, 4M, EV 101.9 MPH) (infield hit) Bob Melley to second
|
|
Batting: RHB Kevin Howard
|
0-0: Ball 1-0: Ball 2-0: Ball 3-0: Called Strike 3-1: Base on Balls Bob Melley to third Jason Hayes to second
|
|
Batting: LHB Gabe Pace
|
0-0: Ball 1-0: Ball 2-0: Ball 3-0: Called Strike 3-1: Base on Balls Bob Melley scores Jason Hayes to third Kevin Howard to second
|
|
Batting: RHB Ruben Garza
|
0-0: Ball 1-0: Foul Ball, location: 2F 1-1: SINGLE (Groundball, 56D, EV 108.8 MPH) Jason Hayes scores
|
| Bottom of the 9th over - 2 runs, 3 hits, 0 errors, 0 left on base; Houston 5 - Baltimore 6 |
| |
|
Game Over ... Baltimore defeats Houston, 6 to 5
|
|
|